← All builds
Tech / Armada / Economy first / OBSERVED BUILD

Sharpshooter snipers

Armada Tech (Eco) build order · Supreme Isthmus

Standard T2 rush into an early Sharpshooter-led sniper bot push around 8:10-8:38, pairing T2 constructor support for Geo with sniper bots fighting at the middle rather than just economy scaling.

Usually first T2 con to Geo (81%)

#t2 #raid · 98 distinct matches · 50 players · 3% of Armada Tech games · team won 26% of 99 · Recently observed

THE CATCH, AND WHAT COMES WITH IT
  • SharpshooterT2 bot snipers from 8:10 · 6% of role by thenFrom the Advanced Bot Lab. Only 6% of Tech games have it by then; others who build it get it around 9:04

Where those units first fight, in 97 games with kill data: in the middle 55%, on their own side 45%.

Those units destroy a typical 1,385 metal of enemy units by 15:00.

Then transitions into anti-nuke (13% of army).

HOW TO PLAY IT

Key timing: Sharpshooter out by 9:04

  1. Open standard T2 rush with Bot Lab first.
  2. Finish Advanced Bot Lab on the normal T2 timing.
  3. Upgrade mex as usual while eco scales.
  4. Push Sharpshooter snipers from Advanced Bot Lab to fight forward in middle.
  5. Keep producing T2 cons and anti-nuke for the team.

Phase by phase

TYPICAL OF ITS 98 GAMES · AGAINST STANDARD TECH
  1. 1
  2. 2
  3. 3
  4. 4
  5. 5
PLAY THE OPENING

Follow the example game's first 9:10 step by step: what to build now, what comes next, and where it goes. At 1× it keeps pace with your own game.

  1. 1

    Up to the Bot Lab

    Economy
    • Metal Extractor3Mex
    • Wind Turbine4Wind
    Order
    1. Bot LabBot Lab after 3 mex, 4 winddone ~1:17, middle half 1:13–1:38

    Some games also: energy storage (37%)

    By 1:00 in all: 3 mex · 4 wind

    The example game in this phase · 3 steps
    1. Mex ×3
    2. Wind ×4
    3. Bot LabBot Labdone 1:18 · typical 1:17
  2. 2

    Bot Lab to Advanced Bot Lab

    Economy
    • Metal Extractor1Mex
    • Wind Turbine9Wind
    • Energy Storage1Energy storage
    Order
    1. Advanced Bot LabAdvanced Bot Lab after 4 mex, 13 wind, 3 con turretdone ~4:18, middle half 4:08–4:33
    Builders
    • Construction Turret3 Con turret
    • Lazarus3 Lazarus
    • Construction Bot2 Con bot
    • Construction Bot1 Con bot for allies

    Some games also: converter (42%)

    By 3:22 in all: 4 mex · 13 wind · 1 energy storage · 3 con turret

    The example game in this phase · 15 steps
    1. LazarusLazarus
    2. Wind
    3. Construction BotCon bot
    4. Energy storage
    5. Wind
    6. LazarusLazarus
    7. Wind
    8. Construction BotCon botfor Air
    9. Wind
    10. Mex
    11. Wind
    12. Construction BotCon bot
    13. Wind ×3
    14. Con turret ×2
    15. Advanced Bot LabAdvanced Bot Labdone 4:16 · typical 4:18
  3. 3

    Advanced Bot Lab to 5:00

    Economy
    • Wind Turbine1Wind−2 vs standard
    Order
    1. Bot LabEat Bot Lab
    Builders
    • Advanced Construction Bot1 T2 con bot for allies

    Some games also: converter (43%)

    By 5:00 in all: 4 mex · 15 wind · 2 converter · 1 energy storage · 3 con turret

    The example game in this phase · 3 steps
    1. Bot LabEat Bot Labreclaimed for its metal
    2. Advanced Construction BotT2 con botfor Air
    3. Advanced Metal ExtractorT2 mex ×3done 5:11 · typical 5:17
  4. 4

    5:00 to T2 bot snipers

    Economy
    • Wind Turbine16Wind+5 vs standard
    • Energy Converter1Converter
    Order
    1. SharpshooterT2 bot snipers after 4 mex, 31 wind, 5 converterdone ~8:38, middle half 7:40–9:45
    Builders
    • Butler4 Butler
    • Advanced Construction Bot3 T2 con bot for allies

    Some games also: T2 con bot (35%)

    By 8:10 in all: 4 mex · 31 wind · 5 converter (standard 3) · 1 energy storage · 3 con turret

    The example game in this phase · 20 steps
    1. Advanced Construction BotT2 con botfor Geo sea
    2. ButlerButler
    3. Advanced Metal ExtractorT2 mex
    4. ButlerButler
    5. Converter ×2
    6. Advanced Construction BotT2 con botfor Beach sea
    7. Wind ×8
    8. Advanced Construction BotT2 con botfor Pond
    9. Wind ×4
    10. ButlerButler
    11. Wind ×3
    12. ButlerButler
    13. Wind
    14. ButlerButler
    15. Wind ×2
    16. ButlerButler
    17. Wind ×2
    18. ButlerButler
    19. Wind
    20. SharpshooterSniper botdone 8:52 · typical 8:38
  5. 5

    T2 bot snipers to 10:00

    Economy
    • Wind Turbine19Wind−11 vs standard
    Army
    • Sharpshooter1 Sniper bot

    Some games also: converter (47%) · Butler (45%) · T2 con bot for allies (42%)

    The standard build makes here, this one skips: 4 converter · 5 Butler

    By 10:00 in all: 4 mex · 54 wind · 7 converter · 1 energy storage · 3 con turret

    The example game in this phase · 210 steps
    1. Wind ×3
    2. Converter
    3. Wind
    4. Converter
    5. Wind
    6. ButlerButler
    7. Wind
    8. Converter
    9. ButlerButler
    10. Wind
    11. ButlerButler
    12. Converter
    13. Wind ×2
    14. ButlerButler
    15. Advanced Construction BotT2 con botfor Front
    16. Wind ×3
    17. Converter
    18. Wind ×2
    19. ButlerButler
    20. Wind ×3
    21. Converter
    22. ButlerButler
    23. Advanced Construction BotT2 con botfor Suicide front
    24. Wind ×3
    25. Converter
    26. Wind
    27. ButlerButler
    28. Wind ×2
    29. ButlerButler
    30. Wind ×3
    31. ButlerButler
    32. Converter
    33. Wind ×3
    34. ButlerButler
    35. Wind ×3
    36. Converter
    37. ButlerButler
    38. Wind
    39. UmbrellaAnti-nukedone 10:30
    40. Wind ×5
    41. Converter ×2
    42. Wind ×3
    43. Converter ×2
    44. Wind ×3
    45. Converter ×2
    46. Wind
    47. ButlerButler
    48. Wind ×3
    49. ButlerButler
    50. Wind
    51. Converter ×2
    52. Wind ×9
    53. Converter
    54. ButlerButler
    55. Converter
    56. Wind ×7
    57. Converter ×2
    58. Wind
    59. ButlerButler
    60. Wind ×8
    61. ButlerButler
    62. Converter ×2
    63. Wind ×5
    64. ButlerButler
    65. Wind ×2
    66. Converter
    67. Wind
    68. Converter
    69. Wind ×2
    70. ButlerButler
    71. Wind ×4
    72. ButlerButler
    73. Wind ×2
    74. Converter ×2
    75. Wind ×3
    76. SharpshooterSniper bot
    77. Wind ×5
    78. Converter
    79. Wind
    80. Converter
    81. Wind ×6
    82. Converter ×2
    83. Wind
    84. Converter
    85. Metal storage
    86. Wind ×5
    87. Converter
    88. Wind ×4
    89. Converter ×3
    90. Wind ×6
    91. Converter ×2
    92. Wind
    93. Converter ×2
    94. Wind ×5
    95. Advanced Construction BotT2 con bot
    96. Wind
    97. Converter ×2
    98. Wind
    99. Converter
    100. Wind ×3
    101. Converter
    102. Wind ×5
    103. Converter
    104. Wind ×2
    105. Converter
    106. Wind
    107. Converter ×2
    108. Con turret
    109. Wind ×6
    110. Converter
    111. Wind ×4
    112. Converter ×2
    113. Wind
    114. Converter
    115. Wind ×5
    116. Converter
    117. Wind ×2
    118. Con turret
    119. Converter ×2
    120. Wind ×3
    121. Converter
    122. Wind ×4
    123. Converter
    124. Wind ×2
    125. Converter
    126. Wind ×2
    127. Converter
    128. Wind ×2
    129. Converter
    130. Wind ×2
    131. Con turret
    132. Wind ×4
    133. Converter ×2
    134. Wind ×2
    135. Converter
    136. Wind ×4
    137. Converter
    138. Wind ×2
    139. Converter
    140. Wind ×3
    141. Converter
    142. Wind ×3
    143. Converter
    144. Wind
    145. Converter
    146. Wind ×6
    147. Converter
    148. Fusion ReactorFusiondone 14:41
    149. Wind
    150. Converter
    151. Wind ×2
    152. Converter
    153. Wind ×4
    154. Converter
    155. Wind ×3
    156. Converter
    157. Wind ×3
    158. Converter
    159. Wind
    160. Converter
    161. Wind ×6
    162. Advanced Bot LabEat Advanced Bot Labreclaimed for its metal
    163. Wind
    164. Converter
    165. Wind
    166. Converter
    167. Wind ×3
    168. Converter ×2
    169. Wind ×8
    170. Converter
    171. Wind ×2
    172. Converter ×3
    173. Wind ×9
    174. Converter
    175. Wind ×4
    176. Converter
    177. Con turret
    178. Converter ×2
    179. Wind ×5
    180. Con turret
    181. Wind ×2
    182. Converter
    183. Wind ×4
    184. Converter
    185. Wind
    186. Converter ×2
    187. Wind ×2
    188. Con turret
    189. Wind ×5
    190. Con turret
    191. Converter
    192. Wind ×2
    193. Converter ×3
    194. Wind ×9
    195. Converter
    196. Wind ×2
    197. Aircraft PlantAircraft Plantdone 14:47
    198. Wind
    199. Converter ×2
    200. Wind ×2
    201. Converter
    202. Construction AircraftCon aircraft
    203. Wind ×7
    204. Converter ×3
    205. Wind ×2
    206. Advanced Aircraft PlantAdvanced Aircraft Plantnot finished by 15:00
    207. Wind
    208. Aircraft PlantEat Aircraft Plantreclaimed for its metal
    209. Converter
    210. Wind ×4

Counts are medians over the build's games: half of them build more, half fewer. The example game is BigRowan's (33 OS, 17/09/2026); pick another.

Team trades

IN AT LEAST 30% OF ITS GAMES

You hand over

  • Construction Bot1 Con bot to Airfirst at 2:24 · in 89% of games
  • Advanced Construction Bot5 T2 con bot to Geo sea or Air or Pondfirst at 4:59 · in 100% of games
  • Butler2 Butler to Geo sea or Beach seafirst at 10:30 · in 36% of games

You get

  • Hercules2 Light transport from Airfirst at 4:05 · in 88% of games

How it plays out

Typical game of this build against the role’s standard build, running totals by minute

  • This build
  • Standard tech

Metal produced

020k40k
0:005:0010:0015:00

metal

Enemy metal destroyed

01k2k3k
0:005:0010:0015:00

metal

Own metal lost

05001k
0:005:0010:0015:00

metal

99 games.

Show as table
ByMetal produced: This buildMetal produced: Standard techEnemy metal destroyed: This buildEnemy metal destroyed: Standard techOwn metal lost: This buildOwn metal lost: Standard tech
1:003833830000
2:009139150000
3:00160316520000
4:00309831440000
5:00486948480000
6:00595358020000
7:00751272320000
8:00930490640000
9:0011440111770000
10:001379313513183000
11:0016225162426500740
12:001895519656101401300
13:002217423426153803210
14:0026192272861801068074
15:0029993315032494110832130
WHAT THE NUMBERS SAY

Won far less often than the standard build, losing a lot more metal for only a modest gain in enemy metal destroyed.

  • + Enemy metal destroyed by 15:00 well above standard (2598 vs 262).
  • − Team win rate collapses to 21% vs standard's 53%.
  • − Own metal lost by 15:00 far exceeds standard (1360 vs 196).
THE EXAMPLE YOU ARE READING

BigRowan

32.9 OS · 17/09/2026

Open source match ↗

2 received units
1032 metal received · 41598 energy received

Allied construction assistance is unknown. Timings are observations, not a promise of solo reproducibility.

Typical milestones

Bot Lab1:17Middle 50%: 1:13–1:38 · n=99
Advanced Bot Lab4:18Middle 50%: 4:08–4:33 · n=99
Advanced Metal Extractor5:17Middle 50%: 4:57–5:42 · n=99
Sharpshooter8:38Middle 50%: 7:40–9:45 · n=99

Played most by

Amrissa15games of this buildDRM6games of this buildTheGeneraI5games of this buildenderOS14games of this buildKontraption4games of this build